 Dungeon Crawl Stone Soup version 0.16.1-16-gc44b35d (webtiles) character file.

105926 Chiseanne the Ninja (level 15, 0/67 HPs)
             Began as a Spriggan Assassin on Apr 21, 2015.
             Was a High Priest of Dithmenos.
             Slain by an anaconda (3 damage)
             ... on level 2 of the Snake Pit.
             The game lasted 03:07:40 (34170 turns).

Chiseanne the Ninja (Spriggan Assassin)            Turns: 34170, Time: 03:07:40

Health: 0/67       AC:  6    Str:  7    XL:     15   Next: 96%
Magic:  27/27      EV: 48    Int: 12    God:    Dithmenos [*****.]
Gold:   518        SH:  7    Dex: 31    Spells: 2 memorised, 10 levels left

rFire  . . .     SeeInvis +     d - +1 hand axe (elec)
rCold  + . .     Clarity  .     Z - +0 troll leather armour
rNeg   . . .     SustAb   .     v - +0 buckler
rPois  .         Gourm    .     G - +1 hat
rElec  +         Spirit   .     L - +0 cloak of Starlight {rElec rC+ EV+4 Stlth-}
rCorr  .         Warding  .     (gloves unavailable)
rMut   .         Stasis   .     (boots unavailable)
MR     ++...                    B - amulet of regeneration
Stlth  ++++++++++               Q - +3 ring of slaying
                                E - +6 ring of dexterity

@: wreathed by umbra, constricted, very quick, very resistant to hostile
enchantments, uncannily stealthy
A: unfitting armour, hooves 1, see invisible, herbivore 3, speed 3, slow
metabolism 2
a: Shadow Step, Shadow Form, Renounce Religion


You were on level 2 of the Snake Pit.
You worshipped Dithmenos.
Dithmenos was extremely pleased with you.
You were very full.

You visited 4 branches of the dungeon, and saw 29 of its levels.
You also visited: Labyrinth and Bailey.

You collected 3689 gold pieces.
You spent 3171 gold pieces at shops.

Inventory:

Hand weapons
 a - a +2 dagger of venom
 d - a +1 hand axe of electrocution (weapon)
 e - a +3 hunting sling of velocity
 s - the +8 hand axe of Axtinnut {holy, +Fly rPois rF+ MR+ Int-3}
   (You bought it in a shop on level 8 of the Dungeon)

   It has been blessed by the Shining One to cause great damage to the undead
   and demons.
   It affects your intelligence (-3).
   It protects you from fire.
   It protects you from poison.
   It affects your resistance to hostile enchantments.
   It lets you fly.
 w - a +0 blowgun
 J - a cursed +2 rapier of distortion
Missiles
 b - 84 sling bullets
 f - 13 bolts
 q - 96 poisoned needles
 t - 5 curare-tipped needles
 y - 2 throwing nets
 F - 5 tomahawks of returning (quivered)
 V - 2 needles of sleeping
Armour
 v - a +0 buckler (worn)
 G - a +1 hat (worn)
 L - the +0 cloak of Starlight (worn) {rElec rC+ EV+4 Stlth-}
   (You acquired it on level 6 of the Dungeon)

   It affects your evasion (+4).
   It protects you from cold.
   It insulates you from electricity.
   It makes you less stealthy.
 Z - a +0 troll leather armour (worn)
Jewellery
 B - an amulet of regeneration (around neck)
 E - a +6 ring of dexterity (left hand)
 Q - a +3 ring of slaying (right hand)
Magical devices
 i - a wand of disintegration (1)
 m - a wand of invisibility (6)
 P - a wand of teleportation (7)
 X - a wand of disintegration (13)
Scrolls
 h - 5 scrolls of fog
 k - 11 scrolls of remove curse
 n - 19 scrolls of teleportation
 o - 3 scrolls of magic mapping
 N - 6 scrolls of fear
 T - 5 scrolls of identify
Potions
 j - a potion of cancellation
 l - 9 potions of heal wounds
 u - 10 potions of curing
 x - 2 potions of agility
 D - 2 potions of flight
 H - 3 potions of berserk rage
 M - 2 potions of restore abilities
 O - a potion of resistance
 R - a potion of ambrosia
 Y - 3 potions of might
Miscellaneous
 c - a fan of gales
Comestibles
 g - 13 bread rations


   Skills:
 - Level 2.5 Fighting
 - Level 2.1 Short Blades
 - Level 2.1 Throwing
 * Level 25.3 Dodging
 O Level 27 Stealth
 - Level 2.7 Evocations


You had 10 spell levels left.
You knew the following spells:

 Your Spells              Type           Power        Failure   Level  Hunger
a - Repel Missiles        Chrm/Air       #.....       95%         2    ###....
b - Swiftness             Chrm/Air       #.......     95%         2    ###....


Dungeon Overview and Level Annotations

Branches:
Dungeon (15/15)            Temple (0/1) D:5            Lair (8/8) D:9
 Shoals (0/5) Lair:3        Snake (2/5) Lair:5        Slime (0/6) Lair:6
    Orc (4/4) D:10            Elf (0/3) Orc:4        Vaults (0/5) D:14
 Depths (0/5) D:15

Altars:
Ashenzari
Cheibriados
Dithmenos
Elyvilon
Fedhas
Gozag
Makhleb
Qazlal
Ru
Vehumet
Beogh

Shops:
D:5 [   D:6 *   D:7 :   D:8 ?(   D:12 %   D:14 [   D:15 [   Orc:1 }   Orc:3 =
Orc:4 *[=*

Portals:
Hell: Lair:8

Annotations:
Lair:6 exclusion: 2 oklob plants
Orc:4 Grum


Innate Abilities, Weirdness & Mutations

You are tiny and cannot use many weapons and most armour.
You have supernaturally acute eyesight.
You are a herbivore.
You cover ground extremely quickly.
You need consume almost no food.
You have large cloven feet.


Message History

The anaconda bites you!
* * * LOW HITPOINT WARNING * * *
x2 The anaconda constricts you.
The anaconda completely misses you.
* * * LOW HITPOINT WARNING * * *
The anaconda constricts you.
Your attempt to break free from the anaconda fails, but you feel that another attempt might succeed.
The anaconda misses you.
* * * LOW HITPOINT WARNING * * *
The anaconda constricts you. The anaconda completely misses you.
* * * LOW HITPOINT WARNING * * *
The anaconda constricts you.
Read which item? (? for menu, Esc to quit)
Blink to where?
Press: ? - help, Dir - move target cursor Your attempt to break free from the anaconda fails, but you feel that another attempt might succeed.
As you read the scroll of blinking, it crumbles to dust.
You block the anaconda's attack.
* * * LOW HITPOINT WARNING * * *
The anaconda constricts you. The anaconda misses you.
You die...

. .S# ###.##.# ####...
#.### ### #.....#.#...#
#... #.....# ....##
#... #....###....#
#....##..........#####
#...@....##........##
##.S#..†........#...#
.....#.##.##....##.###
###.#.#.....###.##...#.
...###.#............#.
... ####..#....##..#. .
#..#.....##.#†
#..##..###..#.
#...##.#.<..).


You could see an anaconda.

Vanquished Creatures
  Donald (Orc:3)
  A fire giant (D:15)
  2 orc warlords
  A dire elephant (Lair:8)
  Snorg (Lair:3)
  A fire dragon (D:15)
  A minotaur (Lab)
  Josephine (D:13)
  Fannar (Lair:2)
  Harold (Orc:2)
  Nessos (D:12)
  4 centaur warriors
  7 hydras
  Erica (Lair:1)
  An ogre mage (D:14)
  A tengu warrior (D:14)
  2 naga sharpshooters (Snake:2)
  Urug (Orc:3)
  Nergalle (D:13)
  A fire crab (Lair:8)
  3 skeletal warriors (D:15)
  A deep elf knight (D:14)
  3 hill giants
  2 unseen horrors
  An ice statue (D:13)
  12 orc knights
  A griffon (Lair:6)
  2 mana vipers
  A sixfirhy (Lair:8)
  3 orc sorcerers
  4 cyclopes
  10 ugly things
  4 elephants
  A wizard (Lair:8)
  A smoke demon (Lair:8)
  2 manticores
  Maurice (D:10)
  Joseph (D:7)
  A kobold demonologist (D:12)
  7 gargoyles
  A siren (Lair:3)
  4 centaur zombies
  7 black mambas
  Psyche (D:12)
  A naga mage (Snake:2)
  2 orange demons (Lair:8)
  11 spiny frogs
  3 fire drakes
  A tengu conjurer (D:14)
  A hellwing (Lair:8)
  12 komodo dragons
  A deep elf priest (D:14)
  4 blue devils (Lair:8)
  3 yaktaurs (D:14)
  2 red devils (Lair:8)
  A merfolk (Lair:3)
  Sonja (D:12)
  5 polar bears
  7 trolls
  4 wandering mushrooms (D:10)
  4 two-headed ogres
  27 blink frogs
  A minotaur skeleton (Lab)
  A harpy skeleton (D:15)
  4 slime creatures (D:14)
  A boulder beetle (Lair:7)
  3 ravens (D:14)
  7 basilisks
  3 wyverns
  A deep elf mage (D:14)
  A trapdoor spider (Lab)
  6 wraiths
  36 yaks
  2 shadows
  14 wolves
  8 vampire mosquitoes
  2 hungry ghosts
  4 nagas
  11 hippogriffs
  A mottled dragon (D:12)
  Menkaure (D:7)
  3 wargs (Orc:4)
  A deep elf fighter (D:14)
  A hell hound (Lair:8)
  10 ice beasts
  18 water moccasins
  5 sky beasts
  5 porcupines
  A black bear (D:13)
  59 orc warriors
  An eye of draining (D:14)
  A boggart (D:14)
  2 phantoms
  8 centaurs
  16 crocodiles
  2 boring beetles (Lair:7)
  A brain worm (D:15)
  16 giant frogs
  11 ogres
  8 big kobolds
  The ghost of Chiseanne the Covert, an average SpAs (D:4)
  6 scorpions
  5 killer bees (D:8)
  3 electric eels (Lair:3)
  3 goliath beetles
  2 oklob saplings (D:10)
  5 crimson imps
  3 jellies
  12 hounds
  2 quasits (D:13)
  4 giant frog zombies
  6 iguanas
  2 centaur skeletons
  A giant frog skeleton (D:11)
  27 orc wizards
  27 orc priests
  24 sheep
  5 worker ants
  3 hound zombies
  A mummy (D:14)
  28 adders
  15 gnolls (Bailey)
  62 river rats
  A shadow imp (D:5)
  2 worms
  An adder zombie (D:9)
  2 orc zombies (Orc:2)
  An adder skeleton (D:5)
  4 giant geckos
  202 orcs
  2 bat skeletons
  9 giant cockroaches
  31 goblins
  27 hobgoblins
  13 jackals
  31 kobolds
  8 ball pythons (D:2)
  14 bats
  10 giant newts
  2 giant spores
  A jackal skeleton (D:6)
  9 quokkas
  3 quokka skeletons
  15 rats
  6 ballistomycetes
  4 fungi
  3 plants
1119 creatures vanquished.

Vanquished Creatures (collateral kills)
  An orc knight (Bailey)
  2 ice beasts (Lair:2)
  An adder (Lair:2)
  A gnoll (Bailey)
  3 goblins (Bailey)
  A hobgoblin (Bailey)
9 creatures vanquished.

Vanquished Creatures (others)
  An unseen horror (D:14)
  A cyclops (D:14)
  3 air elementals
  A hippogriff (Lair:2)
  2 wolves (Lair:2)
  4 orc warriors
  An iguana (D:14)
  An orc wizard (D:6)
  3 sheep (D:14)
  3 river rats (Lair:2)
  A shadow imp (D:14)
  An orc (Orc:3)
  2 goblins (Bailey)
  A giant spore (D:14)
  2 plants (Lair:8)
27 creatures vanquished.

Grand Total: 1155 creatures vanquished

Notes
Turn   | Place    | Note
--------------------------------------------------------------
     0 | D:1      | Chiseanne, the Spriggan Assassin, began the quest for the Orb.
     0 | D:1      | Reached XP level 1. HP: 10/10 MP: 2/2
    32 | D:1      | Reached skill level 6 in Stealth
   205 | D:1      | Reached XP level 2. HP: 12/14 MP: 4/4
   359 | D:1      | Reached skill level 7 in Stealth
   561 | D:1      | Reached XP level 3. HP: 14/18 MP: 6/6
   832 | D:1      | Reached skill level 8 in Stealth
  1421 | D:2      | Found a shadowy altar of Dithmenos.
  1421 | D:2      | Found a sacrificial altar of Ru.
  1426 | D:2      | Became a worshipper of Dithmenos the Shadowed
  1431 | D:2      | Found a shattered altar of Ashenzari.
  1437 | D:2      | Reached XP level 4. HP: 9/22 MP: 8/8
  1939 | D:2      | Reached skill level 9 in Stealth
  2418 | D:3      | Reached XP level 5. HP: 25/25 MP: 10/10
  2740 | D:3      | Found a stormy altar of Qazlal.
  2836 | D:3      | Reached skill level 10 in Stealth
  3282 | D:4      | Reached skill level 11 in Stealth
  3282 | D:4      | Reached XP level 6. HP: 30/30 MP: 12/12
  3505 | D:4      | Noticed Chiseanne's ghost (average SpAs)
  3545 | D:4      | Killed Chiseanne's ghost
  3590 | D:4      | Reached skill level 12 in Stealth
  3668 | D:4      | Acquired Dithmenos' first power
  4051 | D:5      | Entered Level 5 of the Dungeon
  4261 | D:5      | Reached XP level 7. HP: 28/33 MP: 14/14
  4292 | D:5      | Reached skill level 13 in Stealth
  4318 | D:5      | Found a staircase to the Ecumenical Temple.
  4480 | D:5      | Found Micaz's Armour Shoppe.
  4736 | D:5      | Reached skill level 14 in Stealth
  5062 | D:5      | Reached XP level 8. HP: 37/37 MP: 16/16
  5223 | D:5      | Reached skill level 15 in Stealth
  5760 | D:6      | Found Owkaamp's Assorted Antiques.
  5771 | D:6      | Bought a scroll of identify for 50 gold pieces
  5774 | D:6      | Bought an embroidered cloak for 112 gold pieces
  5787 | D:6      | Bought an orange potion for 22 gold pieces
  5787 | D:6      | Bought a scroll labeled MUNOUXA NUGREU for 25 gold pieces
  5787 | D:6      | Bought a scroll labeled LUICIM RALAUR for 25 gold pieces
  5787 | D:6      | Bought a scroll labeled LUICIM RALAUR for 25 gold pieces
  6401 | D:6      | Acquired Dithmenos' second power
  6427 | D:6      | Reached skill level 16 in Stealth
  6527 | D:6      | Reached skill level 1 in Evocations
  6666 | D:6      | Found a blossoming altar of Fedhas.
  6944 | D:7      | Noticed Joseph
  6950 | D:7      | Killed Joseph
  6950 | D:7      | Reached skill level 5 in Dodging
  6950 | D:7      | Reached XP level 9. HP: 41/41 MP: 18/20
  6983 | D:7      | Noticed Menkaure
  6994 | D:7      | Killed Menkaure
  7300 | D:7      | Found Ghykhlyu's Book Shop.
  7734 | D:7      | Reached skill level 17 in Stealth
  8253 | D:8      | Found Keyth's Magic Scroll Shop.
  8256 | D:8      | Bought a scroll of identify for 28 gold pieces
  8256 | D:8      | Bought a scroll of identify for 28 gold pieces
  8256 | D:8      | Bought a scroll of magic mapping for 49 gold pieces
  8256 | D:8      | Bought a scroll of identify for 28 gold pieces
  8256 | D:8      | Bought a scroll of enchant weapon for 105 gold pieces
  8332 | D:8      | Acquired Dithmenos' third power
  8943 | D:8      | Found a white marble altar of Elyvilon.
  8946 | D:8      | Reached skill level 18 in Stealth
  9030 | D:8      | Found Mapsorir's Weapon Shoppe.
  9488 | D:9      | Noticed an elephant
  9567 | D:9      | Found a staircase to the Lair.
  9674 | Lair:1   | Entered Level 1 of the Lair of Beasts
  9930 | D:9      | Reached XP level 10. HP: 46/46 MP: 21/21
 10491 | D:9      | Found an opulent altar of Gozag.
 10527 | D:9      | Killed an elephant
 10527 | D:9      | Reached skill level 10 in Dodging
 10527 | D:9      | Reached skill level 19 in Stealth
 10811 | Lair:1   | Acquired Dithmenos' fourth power
 10874 | Lair:1   | Noticed Erica
 10896 | Lair:1   | Killed Erica
 10896 | Lair:1   | Reached skill level 20 in Stealth
 10960 | Lair:1   | You fall through a shaft!
 10967 | Lair:2   | Noticed Fannar
 11268 | Lair:2   | Killed Fannar
 11268 | Lair:2   | Reached XP level 11. HP: 25/49 MP: 23/23
 11392 | Lair:2   | Noticed a four-headed hydra
 11396 | Lair:2   | Killed a four-headed hydra
 12004 | Lair:3   | Found a labyrinth entrance.
 12083 | Lab      | Entered a labyrinth
 12345 | Lab      | Reached skill level 21 in Stealth
 12566 | Lab      | Reached skill level 15 in Dodging
 12720 | Lab      | Noticed a minotaur
 12731 | Lab      | Killed a minotaur
 12859 | Lair:3   | Reached skill level 22 in Stealth
 12859 | Lair:3   | Reached XP level 12. HP: 53/53 MP: 19/24
 12984 | Lair:3   | Noticed Snorg
 12988 | Lair:3   | Killed Snorg
 13495 | Lair:3   | Found a staircase to the Shoals.
 14388 | Lair:5   | Found a staircase to the Snake Pit.
 14656 | Lair:5   | Reached skill level 23 in Stealth
 15530 | Lair:6   | Reached skill level 24 in Stealth
 15846 | Lair:6   | Reached XP level 13. HP: 57/57 MP: 25/25
 15938 | Lair:6   | Noticed a five-headed hydra
 16004 | Lair:6   | Killed a five-headed hydra
 16004 | Lair:6   | Reached skill level 25 in Stealth
 16110 | Lair:6   | Found a staircase to the Slime Pits.
 16931 | Lair:7   | Learned a level 2 spell: Repel Missiles
 16934 | Lair:7   | Learned a level 2 spell: Swiftness
 17278 | Lair:8   | Entered Level 8 of the Lair of Beasts
 17569 | Lair:8   | Reached skill level 26 in Stealth
 18064 | Lair:8   | Noticed a dire elephant
 18072 | Lair:8   | Killed a dire elephant
 18072 | Lair:8   | Reached skill level 27 in Stealth
 19099 | Lair:8   | Found a burning altar of Makhleb.
 19103 | Lair:8   | Found a gateway to Hell.
 19618 | D:10     | Entered Level 10 of the Dungeon
 19735 | D:10     | Found a snail-covered altar of Cheibriados.
 19760 | D:10     | Reached XP level 14. HP: 61/61 MP: 26/26
 19861 | D:10     | Found a staircase to the Orcish Mines.
 19861 | D:10     | Noticed Maurice
 19865 | D:10     | Killed Maurice
 20128 | D:10     | Found a blossoming altar of Fedhas.
 20635 | D:8      | Bought the +8 hand axe of Axtinnut {holy, +Fly rPois rF+ MR+ Int-3} for 845 gold pieces
 20773 | D:6      | Bought a scroll of teleportation for 75 gold pieces
 20773 | D:6      | Bought a potion of heal wounds for 125 gold pieces
 20905 | D:8      | Bought a scroll of fear for 49 gold pieces
 20905 | D:8      | Bought a scroll of remove curse for 42 gold pieces
 20905 | D:8      | Bought a scroll of remove curse for 42 gold pieces
 21018 | Orc:1    | Entered Level 1 of the Orcish Mines
 21018 | Orc:1    | Found a radiant altar of Vehumet.
 21256 | Orc:1    | Found Threudde's Gadget Emporium.
 21520 | Orc:2    | Found a flagged portal.
 21572 | Bailey   | Entered a bailey
 22025 | Bailey   | Noticed an orc warlord
 22028 | Bailey   | Killed an orc warlord
 22297 | Orc:2    | Noticed an orc warlord
 22547 | Orc:2    | Noticed Harold
 22822 | Orc:2    | Killed an orc warlord
 23000 | Orc:2    | Killed Harold
 23524 | Orc:3    | Found Niutet's Jewellery Shoppe.
 23528 | Orc:3    | Bought a +3 ring of slaying for 540 gold pieces
 24051 | Orc:3    | Noticed Donald
 24054 | Orc:3    | Noticed Urug
 24055 | Orc:3    | Killed Donald
 24098 | Orc:3    | Killed Urug
 24310 | Orc:3    | Noticed an orc warlord
 25428 | Orc:3    | Found a roughly hewn altar of Beogh.
 25815 | Orc:4    | Entered Level 4 of the Orcish Mines
 25815 | Orc:4    | Found a staircase to the Elven Halls.
 26474 | Orc:4    | Found Xeasias' Armour Shop.
 26474 | Orc:4    | Noticed Grum
 26567 | Orc:4    | Found Homasoirph's Assorted Antiques.
 26699 | Orc:4    | Found a roughly hewn altar of Beogh.
 27054 | Orc:4    | Found Hyomoump's Jewellery Emporium.
 27054 | Orc:4    | Found Blevonam's General Store.
 27350 | Orc:4    | Found a burning altar of Makhleb.
 27403 | Orc:4    | Bought a scroll of identify for 30 gold pieces
 27403 | Orc:4    | Bought 5 curare-tipped needles for 45 gold pieces
 27403 | Orc:4    | Bought 2 needles of sleeping for 15 gold pieces
 27403 | Orc:4    | Bought a scroll of teleportation for 45 gold pieces
 27417 | Orc:4    | Bought a cursed ring of loudness for 54 gold pieces
 28610 | D:12     | Noticed Sonja
 28651 | D:12     | Killed Sonja
 28889 | D:12     | Found Croihoh's Food Shop.
 28895 | D:12     | Bought a bread ration for 70 gold pieces
 28895 | D:12     | Bought a bread ration for 70 gold pieces
 28948 | D:12     | Reached XP level 15. HP: 65/65 MP: 27/27
 29058 | D:12     | Noticed Psyche
 29058 | D:12     | Noticed Nessos
 29060 | D:12     | Killed Psyche
 29095 | D:12     | Killed Nessos
 29501 | D:13     | Noticed Nergalle
 29510 | D:13     | Killed Nergalle
 29584 | D:13     | Noticed Josephine
 29588 | D:13     | Killed Josephine
 29960 | D:13     | Found Oruj's Magic Scroll Emporium.
 29963 | D:13     | Bought a scroll of identify for 26 gold pieces
 29963 | D:13     | Bought a scroll of identify for 26 gold pieces
 29963 | D:13     | Bought a scroll of identify for 26 gold pieces
 29963 | D:13     | Bought a scroll of summoning for 123 gold pieces
 29963 | D:13     | Bought a scroll of fog for 26 gold pieces
 29963 | D:13     | Bought a scroll of fear for 45 gold pieces
 29963 | D:13     | Bought a scroll of magic mapping for 45 gold pieces
 30239 | D:13     | Gained mutation: You have large cloven feet. [potion of beneficial mutation]
 30644 | D:14     | Found Kuilaosm's Antique Armour Shoppe.
 31011 | D:14     | Found a gate to the Vaults.
 32080 | D:15     | Entered Level 15 of the Dungeon
 32102 | D:15     | Found a stormy altar of Qazlal.
 32354 | D:15     | Found a staircase to the Depths.
 32581 | D:15     | Found Fygetiuz's Antique Armour Shop.
 33397 | D:8      | Bought a scroll of remove curse for 42 gold pieces
 33397 | D:8      | Bought a scroll of fog for 28 gold pieces
 33620 | D:13     | Bought a scroll of teleportation for 39 gold pieces
 33620 | D:13     | Bought a scroll of remove curse for 39 gold pieces
 33620 | D:13     | Bought a scroll of amnesia for 45 gold pieces
 33620 | D:13     | Bought a scroll of teleportation for 39 gold pieces
 33620 | D:13     | Bought a scroll of remove curse for 39 gold pieces
 33620 | D:13     | Bought a scroll of teleportation for 39 gold pieces
 33944 | Snake:1  | Entered Level 1 of the Snake Pit
 33998 | Snake:1  | Found a white marble altar of Elyvilon.
 34170 | Snake:2  | HP: 3/67 [anaconda (4)]
 34170 | Snake:2  | Slain by an anaconda

Action                   |  1- 3 |  4- 6 |  7- 9 | 10-12 | 13-15 || total
-------------------------+-------+-------+-------+-------+-------++-------
Melee: Dagger            |    84 |   139 |   101 |   202 |  1401 ||  1927
       Whip              |       |       |   286 |   428 |   264 ||   978
       Quarterstaff      |       |       |     8 |       |       ||     8
       Rapier            |       |       |       |       |    18 ||    18
       Hand axe          |       |       |       |       |   224 ||   224
 Fire: Blowgun           |    44 |    32 |    75 |    40 |   370 ||   561
       Hunting sling     |       |       |    75 |    19 |    76 ||   170
Throw: Tomahawk          |       |       |     5 |       |     3 ||     8
Invok: Shadow Step       |       |       |       |    12 |    27 ||    39
Evoke: Wand              |       |       |     3 |    15 |    37 ||    55
       Fan of gales      |       |       |       |       |     3 ||     3
  Use: Scroll            |       |     7 |    24 |     8 |    24 ||    63
       Potion            |       |       |       |     2 |     7 ||     9
 Stab: Sleeping          |     5 |    27 |    39 |    87 |   277 ||   435
       Distracted        |     4 |       |     4 |     1 |    26 ||    35
       Invisible         |       |       |       |    22 |     7 ||    29
       Fleeing           |       |       |       |     1 |       ||     1
  Eat: Fruit             |       |     4 |     3 |       |    22 ||    29
       Bread ration      |       |       |     1 |       |     2 ||     3
       Pizza             |       |       |       |     1 |       ||     1
       Royal jelly       |       |       |       |     1 |       ||     1
